 Dungeon Crawl Stone Soup version 0.27-a0-1202-ge72e49191c (webtiles) character file.

Game seed: 14417244189002533132

248 lightspider the Conjurer (level 5, -6/28 HPs)
             Began as a Deep Elf Conjurer on June 4, 2021.
             Killed by divine providence
             ... invoked by an orc priest
              (11 damage)
             ... on level 4 of the Dungeon.
             The game lasted 00:10:12 (4123 turns).

lightspider the Conjurer (Deep Elf Conjurer)        Turns: 4123, Time: 00:10:12

Health: -6/28      AC:  5    Str:  4    XL:     5   Next: 86%
Magic:  11/14      EV: 13    Int: 24    God:
Gold:   156        SH:  0    Dex: 13    Spells: 11/14 levels left

rFire    . . .     SeeInvis .   q - +4 quarterstaff (chaos)
rCold    . . .     Faith    .   (shield currently unavailable)
rNeg     . . .     Spirit   .   a - +0 robe
rPois    .         Reflect  .   (no helmet)
rElec    .         Harm     .   r - +0 cloak
rCorr    .         Rampage  .   (no gloves)
Will     .....                  c - +1 pair of boots
Stlth    ++........             (no amulet)
HPRegen  0.09/turn              (no ring)
MPRegen  0.14/turn              (no ring)

@: no status effects
A: no striking features
a: no special abilities


You were on level 4 of the Dungeon.
You visited 1 branch of the dungeon, and saw 4 of its levels.

You collected 156 gold pieces.

Inventory:

Hand Weapons
 b - a +0 spear
 m - a +1 flail of protection
 q - a +4 quarterstaff of chaos (weapon)
Missiles
 u - 14 poisoned darts
Armour
 a - a +0 robe (worn)
 c - a +1 pair of boots (worn)
 r - a +0 cloak (worn)
Wands
 o - a wand of flame (18)
Scrolls
 e - a scroll of amnesia {unknown}
 f - 3 scrolls of identify {unknown}
 g - 3 scrolls of teleportation {unknown}
 h - 2 scrolls of enchant weapon {unknown}
 i - 4 scrolls of noise {unknown}
 j - a scroll of magic mapping {unknown}
 n - a scroll of enchant armour {unknown}
 s - a scroll of immolation {unknown}
 t - a scroll of holy word {unknown}
Potions
 d - a potion of mutation {unknown}
 k - a potion of attraction {unknown}
 l - a potion of heal wounds {unknown}
 p - a potion of brilliance {unknown}


   Skills:
 + Level 4.7 Dodging
 - Level 2.4 Stealth
 + Level 5.3 Spellcasting
 + Level 5.7 Conjurations


You had 11 spell levels left.
You knew the following spells:

 Your Spells              Type           Power      Damage    Failure   Level
a - Magic Dart            Conj           100%       1d8       1%          1
b - Searing Ray           Conj           68%        3d5       1%          2

Your spell library contained the following spells:

 Spells                   Type           Power      Damage    Failure   Level
 Dazzling Flash           Conj/Hex       40%        N/A       8%          3
 Stone Arrow              Conj/Erth      40%        3d9       8%          3
 Sandblast                Erth           12%        2d6       9%          1
 Passwall                 Tmut/Erth      5%         N/A       13%         2
 Fulminant Prism          Conj/Hex       10%        3d9       26%         4
 Iskenderun's Mystic Bla  Conj/Tloc      20%        2d6       26%         4
 Petrify                  Tmut/Erth      6%         N/A       63%         4
 Lee's Rapid Deconstruct  Erth           3%         3d6*      93%         5


Dungeon Overview and Level Annotations

Branches:
Dungeon (4/15)
 Temple: D:4-7

Altars:
Xom


Message History

Aiming: Searing Ray (safe; 1% risk of failure)
Press: ? - help, Shift-Dir - straight line, f/p - hound
Aim: a hound (lightly wounded, 73% to hit)
The searing ray hits the hound!
The hound is severely wounded. (Press . to maintain the ray.)
The searing ray hits the hound!
You kill the hound!
An orc and an orc priest come into view.
The orc shouts!
The orc priest shouts!
The orc priest mumbles some strange prayers to Beogh against you.
Beogh smites you!
An orc comes into view. It is wielding a +0 whip.
The orc shouts!
Casting: Searing Ray (safe; 1% risk of failure)
Confirm with . or Enter, or press ? or * to list all spells.
Aiming: Magic Dart (safe; 1% risk of failure)
Press: ? - help, Shift-Dir - straight line, f - orc
Aim: an orc, wielding a +0 mace (100% to hit)
Okay, then.
The orc priest mumbles some strange prayers to Beogh against you.
Beogh smites you!
* * * LOW HITPOINT WARNING * * *
Okay, then.
Casting: Magic Dart (safe; 1% risk of failure)
Confirm with . or Enter, or press ? or * to list all spells.
Aiming: Searing Ray (safe; 1% risk of failure)
Press: ? - help, Shift-Dir - straight line, f - orc priest
Aim: an orc priest, wielding a +0 flail (81% to hit)
The searing ray hits the orc!
You kill the orc!
The searing ray misses the orc priest.
The searing ray hits the orc.
The orc is lightly wounded. (Press . to maintain the ray.)
The searing ray hits the orc priest!
The orc priest is severely wounded.
The searing ray misses the orc.
The orc priest mumbles some strange prayers to Beogh against you.
Beogh smites you!
You die...

##.## ### #...## ##.#
#..# ##...## ##.##
#...# #....####..#
#.... ##........##
#...## #.........###
#....## #......##...##
#....###...#######..##
#....##@.### ##..###
#....).## ###..#
#...o### ##.. ##.o##
##. ##..## ## ###..##
#...## #...# ##...


You could see an orc priest and an orc.

Vanquished Creatures
  A hound (D:4)
  Crazy Yiuf (D:3)
  A bullfrog skeleton (D:4)
  3 gnolls (D:2)
  4 adders
  4 dart slugs
  9 orcs
  5 bats
  6 endoplasms
  3 giant cockroaches
  4 hobgoblins
  7 jackals (D:1)
  3 quokkas
  6 ball pythons
  4 frilled lizards
  9 goblins
  4 kobolds
  4 rats
78 creatures vanquished.

Notes
Turn   | Place    | Note
-------+----------+-------------------------------------------
     0 | D:1      | lightspider the Deep Elf Conjurer began the quest for the
                  | Orb.
     0 | D:1      | Reached XP level 1. HP: 10/10 MP: 6/6
   203 | D:1      | Reached XP level 2. HP: 15/15 MP: 6/8
   732 | D:1      | Reached XP level 3. HP: 19/19 MP: 0/10
   951 | D:1      | Found a faded altar of an unknown god.
  1269 | D:1      | Learned a level 2 spell: Searing Ray
  1386 | D:2      | You fall into a shaft and drop 1 floor!
  1396 | D:3      | Found a runed translucent door.
  1397 | D:3      | Noticed Crazy Yiuf
  1580 | D:2      | Reached skill level 5 in Conjurations
  1610 | D:2      | Reached XP level 4. HP: 24/24 MP: 3/12
  2203 | D:2      | Found a shimmering altar of Xom.
  3125 | D:3      | Found a shimmering altar of Xom.
  3308 | D:3      | Killed Crazy Yiuf
  3309 | D:3      | Reached XP level 5. HP: 15/28 MP: 8/14
  3560 | D:4      | Reached skill level 5 in Spellcasting
  4123 | D:4      | Killed from afar by an orc priest

Illustrated notes

Levels and vault maps discovered:
D:1:      dpeg_arrival_concentric_ovals, layout_loops_ring,
          shapermc_ecumenical_altar_mp_highgroup, roderic_roman_lattice
D:2:      layout_basic, basic_altar
D:3:      layout_loops_ring, lemuel_round_altar, uniq_crazy_yiuf_cottage
D:4:      layout_cave_pods

Skill      XL: |  1  2  3  4  5 |
---------------+----------------+-----
Dodging        | 3 4 |  4.7
Spellcasting   | 4 5 |  5.3
Conjurations   | 5 |  5.7
Stealth        | |  2.4

Action                   |  1- 3 |  4- 6 || total
-------------------------+-------+-------++-------
Melee: Spear             |     1 |       ||     1
       Quarterstaff      |       |     2 ||     2
 Cast: Magic Dart        |    70 |    75 ||   145
       Searing Ray       |     2 |     4 ||     6
 Stab: Sleeping          |     1 |       ||     1
Armor: Robe              |       |     1 ||     1
Dodge: Dodged            |     1 |     6 ||     7

Table legend: (Time is in decaauts)
 A = Elapsed time spent in this place.
 B = Non-inter-level travel time spent in this place.
 C = Inter-level travel time spent in this place.
 D = Time resting spent in this place.
 E = Time spent auto-exploring this place.
 F = Levels seen in this place.
 G = Mean time per level.
                   A        B        C        D        E       F      G
               +--------+--------+--------+--------+--------+-----+--------+
         Total |   4124 |   3970 |    154 |    510 |   3036 |   4 | 1031.0 |
       Dungeon |   4124 |   3970 |    154 |    510 |   3036 |   4 | 1031.0 |
               +--------+--------+--------+--------+--------+-----+--------+

Top non-repeatable levels by time:
     D:1: 1366 daAuts
     D:3: 1198 daAuts
     D:2: 1052 daAuts
     D:4: 507 daAuts
